 Dungeon Crawl Stone Soup version 0.18.1-48-g4cf74bf (webtiles) character file.

107 Metae the Sneak (level 4, -8/23 HPs)
             Began as a Spriggan Assassin on July 7, 2016.
             Killed from afar by poirepourri's ghost (12 damage)
             ... with a rocky blast
             ... on level 3 of the Dungeon.
             The game lasted 00:11:58 (2077 turns).

Metae the Sneak (Spriggan Assassin)                 Turns: 2077, Time: 00:11:59

Health: -8/23      AC:  3    Str:  7    XL:     4   Next: 57%
Magic:  5/5        EV: 19    Int: 12    God:
Gold:   80         SH:  0    Dex: 18    Spells: 0 memorised, 3 levels left

rFire  . . .     SeeInvis +     a - +2 dagger
rCold  . . .     Gourm    .     c - +0 robe
rNeg   . . .     Faith    .     (shield restricted)
rPois  .         Spirit   .     (helmet restricted)
rElec  .         Dismiss  .     d - +0 cloak
rCorr  +         Reflect  .     (gloves unavailable)
SustAt .         Harm     .     (boots unavailable)
MR     .....                    (no amulet)
Stlth  ++++......               (no ring)
                                p - ring of resist corrosion

@: very quick, not resistant to hostile enchantments, stealthy
A: unfitting armour, see invisible, herbivore 3, speed 3, slow metabolism 2
a: no special abilities


You were on level 3 of the Dungeon.
You were not hungry.

You visited 1 branch of the dungeon, and saw 3 of its levels.

You collected 80 gold pieces.

Inventory:

Hand Weapons
 a - a +2 dagger (weapon)
 b - a +0 blowgun
 q - a +0 arbalest
Armour
 c - a +0 robe (worn)
 d - a +0 cloak (worn)
 v - a +0 cloak
Jewellery
 p - a ring of resist corrosion (left hand)
Wands
 w - a wand of polymorph (18/24)
Scrolls
 h - 3 scrolls of identify {unknown}
 i - 4 scrolls of magic mapping
 j - a scroll of enchant weapon {unknown}
 l - a scroll of enchant armour {unknown}
 m - a scroll of recharging {unknown}
 n - a scroll of random uselessness {unknown}
 s - a scroll of immolation {unknown}
 t - 2 scrolls of teleportation {unknown}
Potions
 k - a potion of brilliance {unknown}
 o - a potion of heal wounds {unknown}
 r - a potion of might {unknown}
 u - 2 potions of degeneration {unknown}
 x - 2 potions of agility {unknown}
Comestibles
 g - 2 bread rations


   Skills:
 * Level 2.2 Fighting
 + Level 2.6 Short Blades
 + Level 2.4 Throwing
 * Level 3.9 Dodging
 * Level 6.8 Stealth


You had 3 spell levels left.
You didn't know any spells.

Dungeon Overview and Level Annotations

Branches:
Dungeon (3/15)

Altars:
Makhleb
Pakellas

Annotations:
D:3 Natasha; poirepourri's ghost, amateur GrEE


Innate Abilities, Weirdness & Mutations

You are tiny and cannot use many weapons and most armour.
You have supernaturally acute eyesight.
You are a herbivore.
You cover ground extremely quickly.
You need consume almost no food.


Message History

Natasha is heavily wounded.
Poirepourri's ghost hits you!
* * * LOW HITPOINT WARNING * * *
Natasha closely misses you.
You are too injured to fight recklessly!
You are too injured to fight recklessly!
You are too injured to fight recklessly!
You are too injured to fight recklessly!
You are too injured to fight recklessly!
You are too injured to fight recklessly!
You are too injured to fight recklessly!
You are too injured to fight recklessly!
You are too injured to fight recklessly!
You are too injured to fight recklessly!
You closely miss poirepourri's ghost.
Poirepourri's ghost wails, "You will join me soon!"
Poirepourri's ghost casts a spell at you.
The rocky blast hits you!
Ouch! That really hurt!
You die...

******
##......##..#.#.
*,,,,*
*#..[....##S)....
*,,,,*
*..#.............
*,,,,*
*.##....g##......
*,,,,*
##.*#..(.<##......
*,...*
#..*###.<.#.......
*,,..*
#.#**#..(.........
*.##.#* #h#
#........####.
##.#*..## #@#
#......#.# #.
#..***..# ##W#
#...g....# #< #.#*
*#.# #..#
##((.##.#####.
####.#####.####.##
##..###.# #†..
................#
#.(#*##.###.##
...........######
#((#*...##(.#
............##
##(.##.#.#..##
..........#..#
#...#..#.#.## *
.........###.#
#.((#.##.#)## *


You could see Natasha and poirepourri's ghost.

Vanquished Creatures
  3 adders (D:2)
  2 oozes (D:1)
  2 dart slugs (D:1)
  4 giant geckos
  5 giant cockroaches
  6 hobgoblins
  8 jackals
  A quokka (D:2)
  8 bats
  5 giant newts
  4 goblins
  4 kobolds
  11 rats
63 creatures vanquished.

Notes
Turn   | Place    | Note
--------------------------------------------------------------
     0 | D:1      | Metae the Spriggan Assassin began the quest for the Orb.
     0 | D:1      | Reached XP level 1. HP: 10/10 MP: 2/2
    47 | D:1      | Reached skill level 6 in Stealth
   139 | D:1      | Reached XP level 2. HP: 10/14 MP: 3/3
   681 | D:1      | Reached XP level 3. HP: 18/18 MP: 4/4
  1230 | D:2      | Reached XP level 4. HP: 7/23 MP: 5/5
  1274 | D:2      | Found an oddly glowing altar of Pakellas.
  1637 | D:2      | Found a burning altar of Makhleb.
  1792 | D:3      | Noticed poirepourri's ghost (amateur GrEE)
  2063 | D:3      | Noticed Natasha
  2077 | D:3      | Killed from afar by poirepourri's ghost

Skill      XL: |  1  2  3 |
---------------+----------+-----
Stealth        | 6 |  6.8
Dodging        | 2 3 |  3.9
Fighting       | 2 |  2.2
Short Blades   | |  2.6
Throwing       | |  2.4

Action                   |  1- 3 |  4- 6 || total
-------------------------+-------+-------++-------
Melee: Dagger            |   109 |    69 ||   178
 Fire: Blowgun           |       |    19 ||    19
  Use: Scroll            |       |     1 ||     1
 Stab: Sleeping          |    14 |     6 ||    20
       Distracted        |     1 |       ||     1
Armor: Robe              |    16 |     4 ||    20
Dodge: Dodged            |    77 |    54 ||   131
